 Dungeon Crawl Stone Soup version 0.25.1-2-g60ff931df9 (webtiles) character file.

Game seed: 15208245216439522981

72 Destapler the Magician (level 4, 0/33 HPs)
             Began as a Demonspawn Wizard on Aug 20, 2020.
             Slain by a worm (3 damage)
             ... on level 2 of the Dungeon on Aug 27, 2020.
             The game lasted 00:09:13 (2555 turns).

Destapler the Magician (Demonspawn Wizard)          Turns: 2555, Time: 00:09:14

Health: 0/33       AC:  8    Str:  8    XL:     4   Next: 7%
Magic:  0/9        EV: 11    Int: 20    God:
Gold:   139        SH:  0    Dex: 11    Spells: 9/10 levels left

rFire    . . .     SeeInvis .   i - +0 dagger
rCold    + . .     Gourm    .   (no shield)
rNeg     . . .     Faith    .   p - +2 leather armour {rC+}
rPois    .         Spirit   .   h - +2 helmet
rElec    .         Reflect  .   (no cloak)
rCorr    .         Harm     .   (no gloves)
MR       .....                  (no boots)
Stlth    +.........             (no amulet)
HPRegen  0.11/turn              (no ring)
MPRegen  0.11/turn              (no ring)

@: no status effects
A: claws 1
a: no special abilities


You were on level 2 of the Dungeon.
You were not hungry.

You visited 1 branch of the dungeon, and saw 2 of its levels.

You collected 139 gold pieces.

Inventory:

Hand Weapons
 g - a +0 club
 i - a +0 dagger (weapon)
Armour
 a - a +0 robe
 b - a +0 hat
 h - a +2 helmet (worn)
 p - a +2 leather armour of cold resistance (worn)
Scrolls
 e - 3 scrolls of teleportation {unknown}
 f - a scroll of magic mapping {unknown}
 j - 4 scrolls of remove curse {unknown}
 k - a scroll of fog {unknown}
 m - a scroll of amnesia {unknown}
 o - 2 scrolls of identify {unknown}
Potions
 c - 2 potions of ambrosia {unknown}
 l - 2 potions of curing {unknown}
 n - a potion of stabbing {unknown}
 q - a potion of heal wounds {unknown}
Comestibles
 d - a ration
 r - a chunk of flesh


   Skills:
 + Level 2.0 Fighting
 - Level 1.7 Dodging
 - Level 1.7 Stealth
 + Level 3.6 Spellcasting
 + Level 2.3 Conjurations
   Level 1.0 Summonings
   Level 0.8 Translocations


You had 9 spell levels left.
You knew the following spells:

 Your Spells              Type           Power        Failure   Level  Hunger
a - Magic Dart            Conj           ##..         8%          1    None

Your spell library contained the following spells:

 Spells                   Type           Power        Failure   Level  Hunger
 Blink                    Tloc           N/A          21%         2    ##.....
 Call Imp                 Summ           #.......     21%         2    ##.....
 Slow                     Hex            #.......     30%         2    ##.....
 Conjure Flame            Conj/Fire      #.......     34%         3    ###....
 Mephitic Cloud           Conj/Pois/Air  #.......     38%         3    ###....


Dungeon Overview and Level Annotations

Branches:
Dungeon (2/15)

Altars:


Innate Abilities, Weirdness & Mutations

You have sharp fingernails.


Message History

The worm is almost dead.
The worm bites you.
* * * LOW HITPOINT WARNING * * *
Casting: Magic Dart (safe; 8% risk of failure)
Confirm with . or Enter, or press ? or * to list all spells.
Aiming: Magic Dart (safe; 8% risk of failure)
Press: ? - help, Shift-Dir - straight line, f/p - worm
Aim: a worm (severely wounded)
The magic dart hits the worm.
The worm is almost dead.
You hit the worm but do no damage.
The worm is almost dead.
The worm bites you!
* * * LOW HITPOINT WARNING * * *
You hit the worm but do no damage.
The worm is almost dead.
You hit the worm.
The worm is almost dead.
The worm bites you.
You die...

### #........###.#.##.# #
#[#....#......... #
#.#.......##.>.## ##
#.......#.......# .#
#.#####...##....### .#
#.######..........#
.####.................#
.......#####.......(..###
.####..# #..##@........
.# #..# #..##w..###### .#
###.# #..##.รท.#######.
.. ...# #.#...#.....>...
.# #.#####..###.#########
.# #.......####.# .
#.>#......w..#
.......######### #######


You could see a worm.

Vanquished Creatures
  2 adders (D:2)
  2 oozes (D:1)
  3 dart slugs (D:1)
  A leopard gecko (D:2)
  2 giant cockroaches (D:2)
  2 goblins (D:1)
  6 hobgoblins
  3 jackals (D:2)
  A quokka (D:2)
  A ball python (D:2)
  5 bats
  5 frilled lizards
  2 kobolds (D:1)
  3 rats
38 creatures vanquished.

Notes
Turn   | Place    | Note
-------+----------+-------------------------------------------
     0 | D:1      | Destapler the Demonspawn Wizard began the quest for the
                  | Orb.
     0 | D:1      | Reached XP level 1. HP: 13/13 MP: 4/4
   520 | D:1      | Gained mutation: You have sharp fingernails. [demonic
                  | ancestry]
   520 | D:1      | Reached XP level 2. HP: 14/20 MP: 0/6
   625 | D:1      | Reached skill level 1 in Fighting
  1089 | D:1      | Reached XP level 3. HP: 26/26 MP: 5/7
  2210 | D:2      | Reached XP level 4. HP: 28/33 MP: 6/9
  2555 | D:2      | Slain by a worm

Illustrated notes

Levels and vault maps discovered:
D:1:      onia_arrival_mini_spirals, layout_loops_ring, minmay_misc_feat_rugged
D:2:      layout_loops_ring, first_ration

Skill      XL: |  1  2  3  4 |
---------------+-------------+-----
Fighting       | 1 2 |  2.0
Conjurations   | 2 |  2.3
Dodging        | |  1.7
Stealth        | |  1.7
Spellcasting   | |  3.6
Summonings     | |  1.0
Translocations | |  0.8

Action                   |  1- 3 |  4- 6 || total
-------------------------+-------+-------++-------
Melee: Club              |    15 |       ||    15
       Unarmed           |     1 |       ||     1
       Dagger            |    36 |    41 ||    77
 Cast: Magic Dart        |    79 |    25 ||   104
 Stab: Sleeping          |     3 |       ||     3
  Eat: Chunk             |     4 |     1 ||     5
Armor: Robe              |    30 |    10 ||    40
       Leather armour    |       |     4 ||     4
Dodge: Dodged            |    51 |    16 ||    67
